 Dungeon Crawl Stone Soup version 0.26-a0-1138-gef23d1325b (webtiles) character file.

Game seed: 4518983051258361925

169332 Delamore the Bludgeoner (level 17, -7/113 HPs)
             Began as a Gargoyle Fighter on Dec 21, 2020.
             Was the Champion of Okawaru.
             Blown up by an orb spider (48 damage)
             ... with an orb of destruction
             ... led by a torpor snail
             ... on level 4 of the Spider Nest.
             The game lasted 01:07:10 (41947 turns).

Delamore the Bludgeoner (Gargoyle Fighter)         Turns: 41947, Time: 01:07:11

Health: -7/113     AC: 48    Str: 28 (29) XL:     17   Next: 96%
Magic:  5/28       EV:  5    Int: 16 (17) God:    Okawaru [******]
Gold:   1076       SH: 14    Dex: 10 (11) Spells: 14/16 levels left

rFire    + + .     SeeInvis .   I - +5 eveningstar (freeze)
rCold    + + .     Faith    +   N - +0 kite shield {AC+3}
rNeg     + . .     Spirit   .   Z - +4 crystal plate armour
rPois    ∞         Reflect  .   D - +2 helmet of Marbles {Dex+2}
rElec    +         Harm     .   E - +1 cloak {Will+}
rCorr    +         Rampage  +   O - +0 pair of gloves of Beogh's Delight {rF++ Will- rCorr Str+4} (curse)
Will     +++..                  f - +1 pair of boots {rampage}
Stlth    ..........             H - amulet of faith
HPRegen  0.28/turn              R - ring "Juhodeje" {rC+ Will+ Int+6}
MPRegen  0.21/turn              J - ring of Baguty {rC+ Will+}

@: flying, studying Invocations
A: big wings, negative energy resistance 1, electricity resistance, unbreathing,
petrification resistance, miasma immunity, AC +12
a: Stop Flying, Renounce Religion, Heroism, Finesse


You were on level 4 of the Spider Nest.
You worshipped Okawaru.
Okawaru was exalted by your worship.
You visited 5 branches of the dungeon, and saw 28 of its levels.
You visited 1 bazaar.
You also visited: Gauntlet.

You collected 2758 gold pieces.
You spent 1682 gold pieces at shops.

Inventory:

Hand Weapons
 I - a +5 eveningstar of freezing (weapon)
Missiles
 a - 2 throwing nets
 y - 16 curare-tipped darts (quivered)
 F - 22 javelins
 K - 37 silver javelins
Armour
 f - a +1 pair of boots of rampaging (worn)
 D - the +2 helmet of Marbles (worn) {Dex+2}
   (Okawaru gifted it to you in a Gauntlet)

   It affects your dexterity (+2).
 E - a +1 cloak of willpower (worn)
 N - a +0 kite shield of protection (worn)
 O - the cursed +0 pair of gloves of Beogh's Delight (worn) {rF++ Will- rCorr Str+4}
   (You found it in a Gauntlet)

   It affects your strength (+4).
   It greatly protects you from fire.
   It affects your willpower, your defense against some magical effects.
   It provides partial protection from all sources of acid and corrosion.
   It has a curse placed upon it.
 Z - a +4 crystal plate armour (worn)
Jewellery
 b - an uncursed amulet of reflection
 H - an amulet of faith (around neck)
 J - the ring of Baguty (right hand) {rC+ Will+}
   (You found it on level 8 of the Dungeon)

   [ring of willpower]

   It protects you from cold.
   It affects your willpower, your defense against some magical effects.
 R - the ring "Juhodeje" (left hand) {rC+ Will+ Int+6}
   (You found it on level 1 of the Lair of Beasts)

   [ring of protection from cold]

   It affects your intelligence (+6).
   It protects you from cold.
   It affects your willpower, your defense against some magical effects.
Wands
 w - a wand of paralysis (44)
 A - a wand of random effects (21)
 B - a wand of flame (16)
 G - a wand of polymorph (31)
 L - a wand of acid (6)
 S - a wand of digging (11)
 T - a wand of disintegration (23)
 V - a wand of iceblast (31)
Scrolls
 h - a scroll of brand weapon
 j - 15 scrolls of teleportation
 k - 11 scrolls of fear
 l - 5 scrolls of fog
 m - 3 scrolls of immolation
 p - 6 scrolls of remove curse
 q - a scroll of vulnerability
 t - 4 scrolls of blinking
 x - 8 scrolls of identify
 Q - 3 scrolls of magic mapping
 U - 2 scrolls of amnesia
 W - a scroll of summoning
Potions
 c - a potion of heal wounds
 d - 3 potions of might
 e - 4 potions of curing
 g - 5 potions of cancellation
 i - 6 potions of brilliance
 n - 3 potions of berserk rage
 o - 5 potions of ambrosia
 u - 2 potions of invisibility
 z - 4 potions of resistance
 C - 5 potions of mutation
 P - 4 potions of haste
Books
 r - a manual of Invocations
Miscellaneous
 s - a phantom mirror
 v - a phantom mirror
 M - a lightning rod (4/4)


   Skills:
 - Level 15.0 Fighting
 - Level 16.0 Maces & Flails
 - Level 10.0 Throwing
 - Level 8.0 Armour
 - Level 0.5 Dodging
 - Level 15.0 Shields
 + Level 14.9 Invocations
 - Level 10.0 Evocations


You had 14 spell levels left.
You knew the following spells:

 Your Spells              Type           Power        Failure   Level
a - Blink                 Tloc           N/A          100%        2

Your spell library contained the following spells:

 Spells                   Type           Power        Failure   Level
 Animate Skeleton         Necr           0%           100%        1
 Beastly Appendage        Tmut           0%           100%        1
 Corona                   Hex            0%           100%        1
 Freeze                   Ice            0%           100%        1
 Pain                     Necr           0%           100%        1
 Sandblast                Erth           0%           100%        1
 Summon Small Mammal      Summ           0%           100%        1
 Ensorcelled Hibernation  Hex/Ice        0%           100%        2
 Passwall                 Tmut/Erth      0%           100%        2
 Wereblood                Tmut           0%           100%        2
 Call Canine Familiar     Summ           0%           100%        3
 Confusing Touch          Hex            0%           100%        3
 Dazzling Flash           Conj/Hex       0%           100%        3
 Frozen Ramparts          Ice            0%           100%        3
 Gell's Gravitas          Tloc           0%           100%        3
 Lesser Beckoning         Tloc           0%           100%        3
 Ozocubu's Armour         Ice            0%           100%        3
 Spider Form              Tmut/Pois      0%           100%        3
 Stone Arrow              Conj/Erth      0%           100%        3
 Teleport Other           Tloc           0%           100%        3
 Tukima's Dance           Hex            0%           100%        3
 Vampiric Draining        Necr           0%           100%        3
 Animate Dead             Necr           0%           100%        4
 Hailstorm                Conj/Ice       0%           100%        4
 Ice Form                 Ice/Tmut       0%           100%        4
 Leda's Liquefaction      Hex/Erth       0%           100%        4
 Passage of Golubria      Tloc           N/A          100%        4
 Petrify                  Tmut/Erth      0%           100%        4
 Summon Ice Beast         Ice/Summ       0%           100%        4
 Agony                    Necr           0%           100%        5
 Blade Hands              Tmut           0%           100%        5
 Bolt of Magma            Conj/Fire/Erth 0%           100%        5
 Lee's Rapid Deconstruct  Erth           0%           100%        5
 Iron Shot                Conj/Erth      0%           100%        6
 Shatter                  Erth           0%           100%        9
 Statue Form              Tmut/Erth      Unusable     N/A         6

Dungeon Overview and Level Annotations

Branches:
Dungeon (15/15)            Temple (1/1) D:4            Lair (6/6) D:8
 Shoals (0/4) Lair:3       Spider (4/4) Lair:2        Slime (0/5) Lair:6
    Orc (2/2) D:11            Elf (0/3) Orc:2        Vaults (0/5) D:14
 Depths (0/5) D:15        Gauntlet (visited)

Altars:
Ashenzari
Cheibriados
Dithmenos
Elyvilon
Fedhas
Gozag
Hepliaklqana
Kikubaaqudgha
Makhleb
Nemelex Xobeh
Okawaru
Qazlal
Ru
Sif Muna
Trog
Wu Jian
Xom
Yredelemnul
Zin
Beogh

Shops:
D:7 [[[[   D:8 [   D:10 }   Orc:2 =([(

Annotations:
D:11 exclusions: oklob plant and oklob sapling
Lair:2 1 runed translucent door, Qoihe's ghost, journeyman DrCj


Innate Abilities, Weirdness & Mutations

You are resistant to torment.
Your stone body is resilient. (AC +12)
You are immune to poison.
Your large and strong wings let you fly indefinitely.
You resist negative energy. (rN+)
You are resistant to electric shocks. (rElec)
You can survive without breathing.
You are immune to petrification.
You are immune to miasma.


Message History

The jumping spider leaps!
The jumping spider pounces on you but does no damage.
You block the jumping spider's attack.
The jumping spider leaps!
The jumping spider leaps!
The jumping spider leaps!
The orb spider weaves a glowing orb of energy.
An orb of destruction comes into view.
You rampage towards the jumping spider!
You hit the jumping spider but do no damage.
The jumping spider is lightly wounded.
You block the jumping spider's attack.
The jumping spider bites you but does no damage.
The jumping spider leaps!
The orb spider pulsates with a strange energy.
You rampage towards the jumping spider!
The jumping spider leaps!
You hit the jumping spider but do no damage.
The jumping spider is lightly wounded.
The orb of destruction hits you!!!
You die...

#..#
##########.....?...
##.(##
##.....##[.....[....
#....##
##....^..........)#^.
#.....#
#....................
#...†.###
##..○.....#.<........
'....#..###
##.....###........#.
'........^# #^...^##
#..#^..#.#.
'...^...†## ##.†s####
###....^.^#
#...°s..#.###...@...#
##..#^...
#...#s.^.^.##...○..##
##......
#...##††[#..###°.°.#
###...^.#
##..###..#####.○..##
##...^.#.#
#..##..##.##.°...##
##.....[.##
#.^#....s..#....(.#
#.....^....
#####.....s°...#.##
###.^..<^..
#........##.###
##.##.#..
######..°####
######..


You could see a jumping spider.

Vanquished Creatures
  Saint Roka (Orc:2)
  Frances (D:13)
  Donald (Spider:4)
  An orc warlord (Orc:2)
  2 ghost moths
  3 emperor scorpions
  A minotaur (Gauntlet)
  4 entropy weavers
  4 spark wasps
  A fire dragon (D:13)
  Fannar (Lair:3)
  2 boulder beetles
  9 hydras
  3 centaur warriors
  2 two-headed ogres
  2 dancing weapons (D:14)
  A queen ant (Lair:4)
  4 death yaks
  Urug (D:10)
  3 sun demons (D:15)
  A shock serpent (shapeshifter) (D:15)
  Nergalle (Lair:3)
  10 hell knights (D:15)
  An unseen horror (D:10)
  A glowing orange brain (D:15)
  A lindwurm (Lair:6)
  2 orc knights (Orc:2)
  2 deep elf magi
  13 orb spiders
  2 oklob plants
  22 wolf spiders
  3 orc sorcerers
  18 ugly things
  4 manticores
  5 cyclopes
  A moth of wrath (Spider:3)
  A merfolk siren (Lair:3)
  4 elephants (Lair:6)
  A black mamba (shapeshifter) (D:15)
  2 black mambas
  6 torpor snails
  A smoke demon (D:15)
  3 kobold demonologists
  18 cane toads
  A rime drake (Lair:3)
  10 komodo dragons
  An efreet (D:13)
  8 demonic crawlers
  A harpy zombie (D:14)
  A queen bee (D:13)
  5 trolls
  4 red devils (D:14)
  36 jumping spiders
  3 meliai (D:13)
  5 polar bears (Lair:6)
  4 slime creatures
  11 hornets
  9 blink frogs
  14 dream sheep
  84 redbacks
  14 spriggans (Lair:6)
  A shadow (D:10)
  Sigmund (D:5)
  3 wyverns
  7 basilisks
  72 yaks
  4 wraiths
  29 tarantellas
  Grum (D:10)
  4 vampire mosquitoes (D:13)
  26 soldier ants
  3 wargs (Orc:2)
  Edmund (D:5)
  A soldier ant (shapeshifter) (D:15)
  7 hell hounds (D:15)
  An acid dragon (Gauntlet)
  18 water moccasins
  2 ice beasts
  37 orc warriors
  An eye of draining (D:13)
  5 sky beasts
  2 black bears (Lair:6)
  3 phantoms
  An eye of draining (shapeshifter) (D:15)
  A necrophage (D:13)
  27 wolves
  4 centaurs
  12 ogres
  4 boggarts (Lair:6)
  12 big kobolds
  25 bullfrogs
  3 wyvern skeletons
  3 scorpions
  26 killer bees
  4 howler monkeys
  3 electric eels
  2 vampire bats (Lair:6)
  10 wights
  5 centaur zombies
  A lava snake (D:14)
  6 small abominations (Gauntlet)
  2 bullfrog skeletons
  8 hounds
  10 jellies
  26 orc priests
  24 orc wizards
  Crazy Yiuf (D:6)
  A gnoll shaman (D:6)
  8 iguanas
  3 centaur skeletons
  A hell rat (D:8)
  25 worker ants
  3 hound skeletons
  A howler monkey skeleton (D:6)
  14 gnolls
  2 river rats (D:8)
  18 adders
  3 shadow imps
  A white imp (D:3)
  An ufetubus (D:5)
  14 oozes (Lair:3)
  An adder zombie (D:7)
  2 adder skeletons
  2 worms
  2 dart slugs (D:1)
  10 leopard geckos
  111 orcs
  15 bats
  7 giant cockroaches
  7 hobgoblins
  26 jackals
  15 kobolds
  6 quokkas
  9 ball pythons
  6 frilled lizards
  5 goblins
  A jackal skeleton (D:6)
  A jackal zombie (D:6)
  A leopard gecko skeleton (D:7)
  A quokka skeleton (D:8)
  9 rats
1162 creatures vanquished.

Vanquished Creatures (others)
  A ghost moth (Spider:4)
  An orb spider (Spider:4)
  A redback (Spider:4)
  18 demonic plants (Gauntlet)
  45 fungi
  56 plants
122 creatures vanquished.

Grand Total: 1284 creatures vanquished

Notes
Turn   | Place    | Note
-------+----------+-------------------------------------------
     0 | D:1      | Delamore the Gargoyle Fighter began the quest for the Orb.
     0 | D:1      | Reached XP level 1. HP: 14/14 MP: 1/1
   299 | D:1      | Reached XP level 2. HP: 19/19 MP: 2/2
   532 | D:1      | Reached XP level 3. HP: 23/23 MP: 3/3
  1254 | D:2      | Reached XP level 4. HP: 28/28 MP: 4/4
  1494 | D:1      | Reached skill level 3 in Maces & Flails
  2002 | D:2      | Reached XP level 5. HP: 31/33 MP: 5/5
  2842 | D:2      | Reached skill level 5 in Shields
  2842 | D:2      | Reached XP level 6. HP: 38/39 MP: 6/6
  3102 | D:3      | Reached skill level 4 in Maces & Flails
  3538 | D:3      | Reached skill level 5 in Fighting
  4164 | D:4      | Reached skill level 5 in Maces & Flails
  4164 | D:4      | Reached XP level 7. HP: 36/44 MP: 7/7
  4168 | D:4      | Found a staircase to the Ecumenical Temple.
  4370 | Temple   | Entered the Ecumenical Temple
  4382 | Temple   | Became a worshipper of Warmaster Okawaru
  4473 | D:4      | Reached skill level 6 in Maces & Flails
  5095 | D:5      | Entered Level 5 of the Dungeon
  5118 | D:5      | Reached skill level 7 in Maces & Flails
  5365 | D:5      | Reached XP level 8. HP: 49/49 MP: 8/8
  5477 | D:5      | Noticed Edmund
  5512 | D:5      | Killed Edmund
  5513 | D:5      | Reached skill level 8 in Maces & Flails
  5629 | D:5      | Found a stormy altar of Qazlal.
  5639 | D:5      | Found a shadowy altar of Dithmenos.
  5745 | D:5      | Reached * piety under Okawaru
  5746 | D:5      | Reached skill level 1 in Throwing
  5886 | D:5      | Noticed Sigmund
  5942 | D:5      | Killed Sigmund
  5943 | D:5      | Reached skill level 1 in Invocations
  6326 | D:6      | Found a basalt altar of Yredelemnul.
  6497 | D:6      | Reached XP level 9. HP: 54/54 MP: 11/11
  6528 | D:6      | Reached skill level 9 in Maces & Flails
  6626 | D:6      | You fall into a shaft and drop 2 floors!
  6626 | D:8      | Noticed a death yak
  6628 | D:8      | Noticed a death yak
  6645 | D:7      | Found Ysty's Armour Boutique.
  6655 | D:7      | Reached ** piety under Okawaru
  6828 | D:6      | Found a runed translucent door.
  6829 | D:6      | Noticed Crazy Yiuf
  6835 | D:6      | Killed Crazy Yiuf
  7130 | D:7      | Found Sehucveet's Antique Armour Shop.
  7150 | D:7      | Reached skill level 10 in Maces & Flails
  7150 | D:7      | Found Reta's Antique Armour Shoppe.
  7231 | D:7      | Found Atuxegeq's Antique Armour Shoppe.
  7561 | D:7      | Found a sacrificial altar of Ru.
  8030 | D:8      | Reached skill level 11 in Maces & Flails
  8062 | D:8      | Got a fine bronze ring
  8068 | D:8      | Identified the ring of Baguty {rC+ Will+} (You found it on
                  | level 8 of the Dungeon)
  8090 | D:8      | Reached *** piety under Okawaru
  8251 | D:8      | Reached XP level 10. HP: 59/59 MP: 12/12
  8279 | D:8      | Found a staircase to the Lair.
  8305 | D:8      | Noticed a death yak
  8338 | D:7      | HP: 2/59 [death yak (8)]
  8342 | D:7      | Killed a death yak
  8343 | D:7      | Reached skill level 12 in Maces & Flails
  8633 | D:8      | Reached **** piety under Okawaru
  8901 | D:7      | Killed a death yak
  8902 | D:7      | Reached skill level 13 in Maces & Flails
  9139 | D:8      | Killed a death yak
  9139 | D:8      | Reached ***** piety under Okawaru
  9364 | D:8      | Found Ilaqeun's Armour Shop.
  9908 | D:9      | Found a blossoming altar of Fedhas.
 10263 | D:10     | Entered Level 10 of the Dungeon
 10562 | D:10     | Reached skill level 14 in Maces & Flails
 10695 | D:10     | Noticed Grum
 10698 | D:10     | Noticed Urug
 10949 | D:9      | Reached XP level 11. HP: 64/64 MP: 13/13
 11027 | D:10     | Killed an unseen horror
 11123 | D:10     | Found Womion's Gadget Shoppe.
 11241 | D:10     | Killed Urug
 11459 | D:10     | Killed Grum
 11862 | D:10     | Noticed a two-headed ogre
 11879 | D:10     | Killed a two-headed ogre
 12701 | Lair:1   | Entered Level 1 of the Lair of Beasts
 12739 | Lair:1   | Received a gift from Okawaru
 13417 | Lair:1   | Got a bound platinum ring
 13419 | Lair:1   | Identified the ring "Juhodeje" {rC+ Will+ Int+6} (You found
                  | it on level 1 of the Lair of Beasts)
 13757 | Lair:1   | Reached XP level 12. HP: 52/75 MP: 15/15
 13773 | Lair:1   | Reached ****** piety under Okawaru
 13787 | Lair:1   | Reached skill level 5 in Invocations
 14135 | Lair:1   | Noticed a four-headed hydra
 14148 | Lair:1   | Killed a four-headed hydra
 14148 | Lair:1   | Received a gift from Okawaru
 14149 | Lair:1   | Reached skill level 5 in Throwing
 15871 | Lair:2   | Reached skill level 10 in Fighting
 15880 | Lair:2   | Reached skill level 10 in Shields
 16051 | Lair:2   | Found a hole to the Spider Nest.
 16064 | Lair:2   | Received a gift from Okawaru
 16438 | Lair:2   | Found a shimmering altar of Xom.
 16438 | Lair:2   | Noticed Qoihe's ghost (journeyman DrCj)
 16441 | Lair:2   | Found a runed translucent door.
 16793 | Lair:3   | Noticed Fannar
 16862 | Lair:3   | Killed Fannar
 16875 | Lair:3   | Received a gift from Okawaru
 16876 | Lair:3   | Reached skill level 5 in Armour
 16887 | Lair:3   | Got a spiked ring mail {god gift}
 16898 | Lair:3   | Identified the +2 ring mail of the Wild Haggis {Str+2
                  | Dex+6} (Okawaru gifted it to you on level 3 of the Lair of
                  | Beasts)
 17319 | Lair:3   | Noticed a four-headed hydra
 17332 | Lair:3   | Killed a four-headed hydra
 17382 | Lair:3   | Reached XP level 13. HP: 84/84 MP: 16/16
 17820 | Lair:3   | Noticed Nergalle
 17856 | Lair:3   | Killed Nergalle
 18302 | Lair:3   | Found a staircase to the Shoals.
 19113 | Lair:4   | Received a gift from Okawaru
 20100 | Lair:5   | Noticed an entropy weaver
 20358 | Lair:4   | Killed an entropy weaver
 20919 | Lair:5   | Noticed an entropy weaver
 20969 | Lair:5   | Found a white marble altar of Elyvilon.
 21024 | Lair:5   | Killed an entropy weaver
 21631 | Lair:5   | Gained mutation: Your large and strong wings let you fly
                  | indefinitely. [Gargoyle growth]
 21631 | Lair:5   | Reached XP level 14. HP: 92/92 MP: 17/17
 22568 | Lair:6   | Entered Level 6 of the Lair of Beasts
 22888 | Lair:6   | Received a gift from Okawaru
 22966 | Lair:6   | Got a brightly glowing broad axe {god gift}
 23868 | Lair:5   | Received a gift from Okawaru
 24443 | Lair:6   | Found a staircase to the Slime Pits.
 25160 | Lair:6   | Reached skill level 1 in Evocations
 25488 | D:11     | Identified Sif Muna's Volume of Nature
 26477 | D:11     | Found a roughly hewn altar of Beogh.
 26478 | D:11     | Found a staircase to the Orcish Mines.
 27033 | Orc:1    | Entered Level 1 of the Orcish Mines
 27110 | Orc:2    | Entered Level 2 of the Orcish Mines
 27185 | Orc:2    | Found a staircase to the Elven Halls.
 27467 | Orc:2    | Noticed an orc warlord
 27507 | Orc:2    | Received a gift from Okawaru
 27508 | Orc:2    | Reached XP level 15. HP: 84/101 MP: 19/19
 27527 | Orc:2    | Killed an orc warlord
 27755 | Orc:2    | Received a gift from Okawaru
 27821 | Orc:2    | Noticed Saint Roka
 28135 | Orc:2    | Found a roughly hewn altar of Beogh.
 28150 | Orc:2    | Found a roughly hewn altar of Beogh.
 28242 | Orc:2    | HP: 2/101 [Saint Roka/divine providence (11)]
 28276 | Orc:2    | Killed Saint Roka
 28533 | Orc:2    | Found a roughly hewn altar of Beogh.
 28533 | Orc:2    | Found Hiverphur's Antique Weapon Shoppe.
 28537 | Orc:2    | Found Ibral's Antique Armour Emporium.
 28545 | Orc:2    | Bought a masterwork morningstar for 207 gold pieces
 28599 | Orc:2    | Found a roughly hewn altar of Beogh.
 28657 | Orc:2    | Found a roughly hewn altar of Beogh.
 28672 | Orc:2    | Found Nobbygee's Antique Weapon Shop.
 28777 | Orc:2    | Bought a runed eveningstar for 504 gold pieces
 28862 | Orc:2    | Found a roughly hewn altar of Beogh.
 28939 | Orc:2    | Found a roughly hewn altar of Beogh.
 28973 | Orc:2    | Found Zezaerra's Jewellery Emporium.
 29010 | Orc:2    | Identified the +4 morningstar of Ejar {pain, Str+4 Int+4
                  | Dex-3} (You bought it in a shop on level 2 of the Orcish
                  | Mines)
 29081 | Orc:1    | Found a roughly hewn altar of Beogh.
 30336 | D:12     | Received a gift from Okawaru
 30506 | D:13     | Noticed Frances
 30520 | D:13     | Killed Frances
 30520 | D:13     | Received a gift from Okawaru
 30742 | D:13     | Received a gift from Okawaru
 31144 | D:13     | Reached skill level 15 in Shields
 31295 | D:13     | Reached skill level 15 in Fighting
 31354 | D:13     | Found a gateway to a bazaar.
 31395 | Bazaar   | Entered a bazaar
 31395 | Bazaar   | Found Jeaciv's Book Emporium.
 31395 | Bazaar   | Found Soizegho's Armour Shop.
 31395 | Bazaar   | Found Vottogg's Magic Scroll Shoppe.
 31397 | Bazaar   | Found Fausog's Gadget Boutique.
 31397 | Bazaar   | Found Faimoc's Distillery.
 31434 | Bazaar   | Bought a scroll of blinking for 112 gold pieces
 31434 | Bazaar   | Bought a scroll of identify for 30 gold pieces
 31434 | Bazaar   | Bought a scroll of fear for 52 gold pieces
 31435 | Bazaar   | Bought a scroll of identify for 30 gold pieces
 31435 | Bazaar   | Identified a scroll of acquirement
 31437 | Bazaar   | Acquired a manual of Invocations
 31444 | Bazaar   | Bought a potion of mutation for 88 gold pieces
 31454 | Bazaar   | Bought a potion of curing for 33 gold pieces
 31454 | Bazaar   | Bought a potion of curing for 33 gold pieces
 31454 | Bazaar   | Bought a potion of curing for 33 gold pieces
 31459 | Bazaar   | Bought a phantom mirror for 440 gold pieces
 31484 | Bazaar   | Bought a scroll of identify for 30 gold pieces
 31484 | Bazaar   | Bought a scroll of identify for 30 gold pieces
 31484 | Bazaar   | Bought a scroll of identify for 30 gold pieces
 31484 | Bazaar   | Bought a scroll of fog for 30 gold pieces
 32074 | D:14     | Received a gift from Okawaru
 32109 | D:14     | Reached skill level 5 in Evocations
 32145 | D:14     | Found a gate to the Vaults.
 32153 | D:14     | Found a gate leading to a gauntlet.
 32162 | Gauntlet | Entered a Gauntlet
 32162 | Gauntlet | Found a transporter.
 32199 | Gauntlet | Found a transporter.
 32201 | Gauntlet | Found a transporter.
 32201 | Gauntlet | Found a transporter.
 32239 | Gauntlet | Found a transporter.
 32254 | Gauntlet | Found a transporter.
 32262 | Gauntlet | Found a transporter.
 32277 | Gauntlet | Found a transporter.
 32296 | Gauntlet | Found a transporter.
 32327 | Gauntlet | Found a transporter.
 32355 | Gauntlet | Found a transporter.
 32364 | Gauntlet | Found a transporter.
 32389 | Gauntlet | Found a transporter.
 32394 | Gauntlet | Found a transporter.
 32396 | Gauntlet | Found a transporter.
 32413 | Gauntlet | Found a transporter.
 32419 | Gauntlet | Found a transporter.
 32469 | Gauntlet | Found a transporter.
 32761 | Gauntlet | Received a gift from Okawaru
 32764 | Gauntlet | Got an ancient helmet {god gift}
 32775 | Gauntlet | Identified the +2 helmet of Marbles {Dex+2} (Okawaru gifted
                  | it to you in a Gauntlet)
 32827 | Gauntlet | Got a pair of twisted gloves
 32850 | Gauntlet | Identified the cursed +0 pair of gloves of Beogh's Delight
                  | {rF++ Will- rCorr Str+4} (You found it in a Gauntlet)
 32981 | D:14     | Reached XP level 16. HP: 101/108 MP: 22/22
 34079 | D:15     | Entered Level 15 of the Dungeon
 34392 | D:15     | Reached skill level 15 in Maces & Flails
 34493 | D:15     | Received a gift from Okawaru
 35640 | D:15     | Found a staircase to the Depths.
 35846 | D:15     | Received a gift from Okawaru
 36247 | Spider:1 | Entered Level 1 of the Spider Nest
 37606 | Spider:1 | Reached XP level 17. HP: 64/113 MP: 24/24
 37863 | Spider:2 | Reached skill level 10 in Invocations
 38197 | Spider:2 | Received a gift from Okawaru
 38547 | Spider:2 | Learned a level 2 spell: Blink
 38728 | Spider:2 | Reached skill level 10 in Throwing
 39767 | Spider:3 | Reached skill level 16 in Maces & Flails
 39776 | Spider:3 | Received a gift from Okawaru
 40011 | Spider:4 | Entered Level 4 of the Spider Nest
 40125 | Spider:4 | Received a gift from Okawaru
 40899 | Spider:4 | Noticed Donald
 40911 | Spider:4 | Killed Donald
 41062 | Spider:4 | Reached skill level 10 in Evocations
 41947 | Spider:4 | Blown up by an orb spider

Illustrated notes

Levels and vault maps discovered:
D:1:      dpeg_arrival_three_smaller_balls, layout_rooms
D:2:      minmay_door_path, layout_basic, minmay_misc_feat_five, corexii_shack,
          minmay_misc_feat_four_crosses, kennysheep_small_spiral
D:3:      layout_loops_ring
D:4:      layout_loops_ring, minmay_temple_entry_water_ring
D:5:      layout_loops_cross, kennysheep_mini, grunt_dithmenos_smoke,
          uniq_sigmund, uniq_edmund
D:6:      layout_basic, basic_altar, uniq_crazy_yiuf_cottage
D:7:      layout_basic, serial_shops, shop, shop,
          nicolae_shop_overgrown_old_shop, nicolae_shop_stone,
          nicolae_ru_awakened_eye
D:8:      layout_cave_pools, dpeg_lair_monsters, serial_shops, shop
D:9:      layout_stronghold, minivault_21, fedhas_altar_4
D:10:     layout_gridville, serial_shops, nicolae_shop_behind_doors, uniq_grum,
          uniq_urug
D:11:     layout_small_grid, david_orc_5, introduction_to_nature_2
D:12:     layout_basic
D:13:     layout_cave_pods, serial_shops, bzr_entry_lakeside, special_room
          [special_room_bee], uniq_frances
D:14:     cheibrodos_quadrivalence, layout_stronghold, erik_vaults_1,
          gauntlet_entry_generic, hangedman_decor_clover_reticule,
          minmay_door_square, chequers_garden, nicolae_lava_and_water,
          hangedman_abyss_or_decor_clamps, hangedman_ranch
          [blue_anna_fruit_fields]
D:15:     gammafunk_enter_depths_forms, layout_loops_ring, grunt_decor_cap,
          minmay_rotating_lava
Temple:   dpeg_three_leaves_temple
Lair:1:   layout_gridlike, grunt_megastairs_3
Lair:2:   layout_roguey, nicolae_spider_entry_tight_spaces, ebering_ghost_xom,
          infiniplex_staircase_pool_2
Lair:3:   lemuel_slime, layout_cave_pods, minmay_shoals_entry_lonely_mermaid,
          minmay_hedge_maze, serial_bayou_shore_b, grunt_megastairs_5,
          uniq_nergalle, uniq_fannar
Lair:4:   layout_regular_city, st_stairs_3, ldierk_geyser, lemuel_fruit_tree
Lair:5:   layout_loops_ring, basic_altar, minivault_29
Lair:6:   minmay_lair_end_enchanted_forest, layout_regular_city,
          minmay_slime_entry_pillars, roderic_batcave, fungi_pond_lemuel,
          serial_bayou_ford_a
Spider:1: layout_spider_delve
Spider:2: layout_spider_delve, nicolae_spider_webbed_stairs,
          hangedman_spider_tarantella_strand
Spider:3: layout_spider_delve, guppyfry_hornet_nest
Spider:4: spider_rune_water, nicolae_spider_shape, uniq_donald
Orc:1:    layout_caves, mines1_david
Orc:2:    grunt_orc_community_town_hall, layout_caves,
          grunt_orc_community_big_house_2, grunt_orc_community_big_house_2,
          grunt_orc_community_house_1, grunt_orc_community_house_1,
          grunt_orc_community_house_2, grunt_orc_community_house_2,
          grunt_orc_community_house_3

Skill      XL: |  1  2  3  4  5  6  7  8  9 10 11 12 13 14 15 16 17 |
---------------+----------------------------------------------------+-----
Shields        | 4 5 8 10 12 14 15 | 15.0
Maces & Flails | 3 5 7 8 11 14 15 16 | 16.0
Fighting       | 4 5 8 10 12 14 15 | 15.0
Throwing       | 3 4 5 7 9 10 | 10.0
Invocations    | 3 4 5 6 8 9 14 | 14.9
Armour         | 5 8 |  8.0
Evocations     | 2 5 8 10 | 10.0
Dodging        | |  0.5

Action                   |  1- 3 |  4- 6 |  7- 9 | 10-12 | 13-15 | 16-18 || total
-------------------------+-------+-------+-------+-------+-------+-------++-------
Melee: Flail             |   213 |   250 |   442 |   151 |    22 |       ||  1078
       Mace              |       |   124 |   153 |       |   354 |       ||   631
       Whip              |       |       |       |   910 |  1991 |       ||  2901
       Eveningstar       |       |       |       |       |   461 |  1103 ||  1564
Throw: Dart              |     8 |    10 |    13 |    42 |    15 |     5 ||    93
       Javelin           |       |       |       |       |    54 |       ||    54
Invok: Heroism           |       |       |       |     7 |    10 |       ||    17
       Finesse           |       |       |       |       |     1 |       ||     1
 Abil: Fly               |       |       |       |       |     1 |       ||     1
Evoke: Wand              |       |       |     2 |       |       |       ||     2
       Lightning rod     |       |       |       |     6 |     1 |       ||     7
  Use: Scroll            |       |     3 |     5 |     5 |    31 |     4 ||    48
       Potion            |       |       |       |     3 |    13 |       ||    16
 Stab: Paralysed         |       |       |     4 |       |       |       ||     4
Armor: Scale mail        |   157 |   241 |    63 |       |       |       ||   461
       Chain mail        |       |       |   276 |   364 |       |       ||   640
       Ring mail         |       |       |       |    15 |    95 |       ||   110
       Crystal plate arm |       |       |       |       |  1544 |  1303 ||  2847
Dodge: Dodged            |   102 |   160 |   127 |   175 |   420 |   265 ||  1249
Block: Kite shield       |   166 |   264 |   264 |   345 |  1211 |   958 ||  3208
       Buckler           |       |       |       |     7 |   288 |       ||   295

Table legend: (Time is in decaauts)
 A = Elapsed time spent in this place.
 B = Non-inter-level travel time spent in this place.
 C = Inter-level travel time spent in this place.
 D = Time resting spent in this place.
 E = Time spent auto-exploring this place.
 F = Levels seen in this place.
 G = Mean time per level.
                   A        B        C        D        E       F      G
               +--------+--------+--------+--------+--------+-----+--------+
         Total |  40304 |  37978 |   2326 |   6518 |  23188 |  30 | 1343.5 |
       Dungeon |  19815 |  18541 |   1274 |   2313 |  12122 |  15 | 1321.0 |
        Temple |     24 |     13 |     11 |      0 |      5 |   1 |   24.0 |
          Lair |  11786 |  10973 |    813 |   2766 |   6109 |   6 | 1964.3 |
   Spider Nest |   5513 |   5365 |    148 |    959 |   3475 |   4 | 1378.2 |
  Orcish Mines |   2284 |   2205 |     79 |    236 |   1384 |   2 | 1142.0 |
        Bazaar |     95 |     95 |      0 |      0 |     34 |   1 |   95.0 |
      Gauntlet |    784 |    784 |      0 |    244 |     58 |   1 |  784.0 |
               +--------+--------+--------+--------+--------+-----+--------+

Top non-repeatable levels by time:
  Lair:6: 2226 daAuts
    D:10: 2086 daAuts
  Lair:1: 2086 daAuts
  Lair:2: 1986 daAuts
Spider:3: 1903 daAuts
  Lair:4: 1867 daAuts
  Lair:3: 1838 daAuts
  Lair:5: 1781 daAuts
    D:14: 1622 daAuts
   Orc:2: 1595 daAuts
     D:1: 1579 daAuts
Spider:1: 1562 daAuts
    D:15: 1483 daAuts
    D:13: 1458 daAuts
     D:7: 1419 daAuts
